Map: Frost LE

Players

Karan

  • Race: Protoss Protoss
  • League: Bronze

Gracz - Winner!

  • Race: Protoss Protoss
  • League: Bronze

VOD

Have the link to the VOD?

Description

Time

  • Played on: Sept. 17, 2016, 6:14 a.m.
  • Length: 7:34
Show
View Real Time Build Order
Export as new Build Order

Karan Protoss 

Build Orders:  

Get SALT Encoding   

  12  0:02  Probe (Chrono Boost)  
  13  0:12  Probe (Chrono Boost)  
  14  0:22  Pylon  
  14  0:23  Probe (Chrono Boost)  
  15  0:40  Probe (Chrono Boost)  
  16  0:52  Gateway  
  16  0:55  Probe (Chrono Boost)  
  17  1:01  Assimilator  
  17  1:06  Probe (Chrono Boost)  
  18  1:21  Probe (Chrono Boost)  
  19  1:31  Pylon  
  19  1:32  Probe (Chrono Boost)  
  20  1:45  Cybernetics Core  
  20  2:04  Gateway, Probe (Chrono Boost)  
  20  2:07  Gateway, Warp Gate  
  21  2:09  Gateway  
  21  2:12  Assimilator  
  22  2:15  Probe (Chrono Boost)  
  23  2:37  Probe (Chrono Boost)  
  23  2:49  Adept, Probe (Chrono Boost)  
  27  3:09  Mothership Core (Chrono Boost)  
  28  3:29  Probe (Chrono Boost)  
  27  3:34  Adept, Stalker  
  31  4:10  Nexus  
  31  4:15  Assimilator  
  31  4:18  Pylon  
  31  4:32  Forge  
  31  4:40  Stalker x2  
  31  4:41  Adept  
  31  4:42  Adept  
  39  5:02  Pylon  
  39  5:04  Pylon  
  29  5:24  Protoss Ground Weapons Level 1  
  30  5:29  Probe (Chrono Boost)  
  30  5:38  Pylon  
  30  5:41  Pylon  
  30  5:42  Probe (Chrono Boost)  
  31  5:59  Stalker  
  31  6:00  Adept  
  31  6:01  Adept  
  34  6:25  Pylon  
  30  7:06  Stalker  
  30  7:07  Stalker  
  36  7:16  Mothership Core (Chrono Boost)  
Show
View Real Time Build Order
Export as new Build Order

Gracz Protoss - Winner!

Build Orders:  

Get SALT Encoding   

  12  0:02  Probe (Chrono Boost)  
  13  0:18  Pylon  
  13  0:28  Probe (Chrono Boost)  
  14  0:38  Probe (Chrono Boost)  
  15  0:49  Probe (Chrono Boost)  
  16  0:50  Gateway  
  16  0:54  Gateway  
  16  1:00  Assimilator  
  16  1:28  Pylon  
  16  1:29  Probe (Chrono Boost)  
  17  1:35  Assimilator  
  17  1:39  Probe (Chrono Boost)  
  18  1:48  Cybernetics Core  
  18  1:50  Probe (Chrono Boost)  
  19  2:01  Probe (Chrono Boost)  
  20  2:10  Zealot x2  
  20  2:11  Probe (Chrono Boost)  
  25  2:22  Probe (Chrono Boost)  
  26  2:24  Warp Gate  
  26  2:33  Probe (Chrono Boost)  
  26  2:36  Stargate  
  28  2:45  Probe (Chrono Boost)  
  28  2:57  Probe (Chrono Boost)  
  29  3:09  Probe (Chrono Boost)  
  30  3:15  Nexus  
  31  3:21  Probe (Chrono Boost)  
  31  3:32  Pylon  
  31  3:47  Probe (Chrono Boost)  
  28  4:05  Gateway  
  28  4:07  Oracle, Gateway  
  28  4:09  Gateway  
  31  4:14  Probe (Chrono Boost)  
  32  4:26  Probe (Chrono Boost)  
  32  4:29  Stargate  
  34  4:38  Probe (Chrono Boost)  
  34  4:43  Assimilator  
  34  4:46  Assimilator  
  34  4:52  Mothership Core (Chrono Boost)  
  36  5:12  Probe (Chrono Boost)  
  37  5:24  Probe (Chrono Boost)  
  38  5:28  Void Ray x2  
  47  5:36  Probe (Chrono Boost)  
  47  5:39  Pylon  
  47  5:42  Stalker x2  
  51  5:43  Stalker  
  53  5:52  Pylon  
  53  5:57  Pylon  
  53  6:15  Stalker  
  53  6:16  Stalker x2  
  53  6:17  Stalker x2  
  59  7:10  Stalker x2  
  59  7:11  Stalker  
Tags
 
Add a new tag
Caveats
  • Supply blocks, unpowered buildings, or Contaminate may cause inaccurate times.
  • Supply counts are checked every 10 seconds.